Map: Hardwire LE

Players

MaxPax

  • Race: Protoss Protoss
  • League: Grandmaster

HeroMarine - Winner!

  • Race: Terran Terran
  • League: Master

Event: DreamHack SC2 Masters Last Chance 2022

VOD

Have the link to the VOD?

Description

Time

  • Played on: Dec. 17, 2021, 4:14 p.m.
  • Length: 20:12

All games in this series

Show
View Real Time Build Order
Export as new Build Order

MaxPax Protoss 

Build Orders: 1 Gate Expand, Blink Stalkers, Zealot Archon, Dark Templar Rush 

Get SALT Encoding   

  12  0:00  Probe  
  13  0:12  Probe  
  14  0:17  Pylon  
  14  0:24  Probe (Chrono Boost)  
  15  0:36  Gateway, Probe (Chrono Boost)  
  16  0:44  Probe (Chrono Boost)  
  16  0:45  Assimilator  
  17  0:51  Probe  
  18  1:03  Probe  
  19  1:15  Probe  
  20  1:20  Nexus  
  20  1:31  Cybernetics Core  
  20  1:34  Probe  
  21  1:41  Assimilator  
  21  1:46  Probe  
  22  1:48  Pylon  
  22  1:58  Probe  
  23  2:04  Adept (Chrono Boost)  
  23  2:06  Probe  
  23  2:07  Warp Gate  
  25  2:14  Probe  
  27  2:25  Probe  
  27  2:26  Stalker  
  30  2:33  Twilight Council  
  30  2:34  Probe (Chrono Boost)  
  31  2:42  Probe (Chrono Boost)  
  33  2:45  Probe (Chrono Boost)  
  33  2:50  Probe (Chrono Boost)  
  33  2:51  Probe (Chrono Boost)  
  34  2:53  Robotics Facility  
  35  3:00  Probe  
  35  3:01  Probe  
  35  3:02  Gateway  
  37  3:12  Probe  
  38  3:13  Probe  
  39  3:22  Dark Shrine  
  39  3:24  Probe  
  39  3:25  Probe  
  40  3:29  Blink (Chrono Boost)  
  40  3:36  Warp Prism (Chrono Boost), Probe  
  40  3:37  Gateway, Probe  
  44  3:44  Pylon  
  44  3:46  Assimilator  
  44  3:49  Probe  
  44  3:52  Probe, Pylon  
  46  4:03  Stalker x2  
  46  4:04  Probe  
  46  4:05  Probe  
  50  4:16  Probe  
  51  4:19  Nexus  
  51  4:28  Probe  
  52  4:32  Stalker x3  
  52  4:36  Probe  
  52  4:37  Assimilator  
  59  4:49  Templar Archives  
  59  4:50  Gateway  
  59  4:52  Probe  
  60  4:55  Probe  
  60  4:57  Pylon  
  61  5:00  Observer (Chrono Boost)  
  61  5:03  Pylon  
  62  5:08  Pylon  
  62  5:15  Psionic Storm, Gateway x2, Probe x2, Charge (Chrono Boost)  
  64  5:28  Gateway  
  64  5:35  Gateway  
  64  5:38  Probe x3  
  67  5:43  Shield Battery  
  67  5:46  High Templar  
  69  5:50  Probe  
  69  5:52  Pylon  
  70  5:57  Probe  
  70  6:00  High Templar  
  70  6:01  Zealot x2  
  70  6:03  Probe  
  70  6:04  Probe, Shield Battery  
  79  6:08  Observer  
  79  6:09  Probe  
  80  6:17  Stalker x2  
  84  6:18  Probe  
  84  6:21  Zealot  
  84  6:22  Zealot x2  
  84  6:24  Pylon  
  91  6:30  Probe x3  
  91  6:32  High Templar  
  96  6:36  Zealot x2  
  98  6:42  Probe  
  98  6:46  Stalker  
  100  6:49  Zealot x4  
  100  6:51  Pylon  
  108  6:56  Forge  
  108  6:58  High Templar  
  108  7:00  Zealot, High Templar  
  114  7:03  Assimilator, Archon  
  114  7:07  Assimilator  
  114  7:09  Zealot, Pylon  
  114  7:10  Zealot x4  
  114  7:11  Probe  
  125  7:16  Probe x2  
  125  7:17  Pylon  
  125  7:26  Protoss Ground Weapons Level 1 (Chrono Boost)  
  125  7:27  Probe  
  126  7:30  Pylon  
  126  7:36  High Templar x2  
  130  7:37  Photon Cannon  
  130  7:39  Zealot x5  
  130  7:40  Archon  
  138  7:49  Zealot  
  138  7:50  Observer (Chrono Boost)  
  141  7:58  Pylon  
  141  8:00  Nexus  
  135  8:10  Zealot x7  
  135  8:11  Zealot  
  121  8:24  Archon  
  103  8:33  Stalker  
  103  8:34  Stalker x7  
  101  8:37  Probe x2  
  101  8:39  Probe  
  101  8:40  Observer  
  105  9:01  Zealot x8  
  105  9:02  Observer  
  117  9:04  Probe  
  116  9:13  Probe  
  116  9:16  Probe  
  98  9:24  Zealot x8  
  90  9:25  Probe  
  99  9:33  Gateway  
  99  9:34  Gateway  
  99  9:41  Immortal (Chrono Boost), Robotics Bay, High Templar x3  
  109  9:46  High Templar x4  
  109  9:52  Archon x2, Protoss Ground Weapons Level 2 (Chrono Boost)  
  117  9:54  Robotics Facility  
  117  10:03  Stalker  
  117  10:05  Observer  
  117  10:06  Probe, Pylon  
  120  10:11  Stalker x2  
  120  10:12  Stalker  
  126  10:17  Nexus  
  126  10:18  Pylon  
  126  10:20  Photon Cannon  
  126  10:25  Zealot x4  
  126  10:27  Observer (Chrono Boost)  
  133  10:34  Sentry  
  135  10:41  Colossus (Chrono Boost)  
  135  10:45  Pylon  
  135  10:47  Stalker x4  
  143  11:11  Colossus (Chrono Boost), Zealot x4  
  147  11:12  Zealot x6  
  147  11:17  Extended Thermal Lance (Chrono Boost)  
  167  11:23  Colossus (Chrono Boost)  
  154  11:40  Nexus  
  154  11:41  Warp Prism (Chrono Boost)  
  156  11:47  Stalker x3  
  156  11:50  Photon Cannon  
  140  11:59  Probe  
  140  12:00  Probe  
  142  12:03  Stalker x2, Pylon  
  142  12:04  Stalker x5  
  142  12:07  Pylon  
  156  12:09  Forge  
  156  12:14  Zealot x2  
  156  12:15  Zealot  
  161  12:18  Probe  
  159  12:30  High Templar x3  
  164  12:41  Stalker x4  
  164  12:42  Stalker x2  
  92  13:28  Nexus  
  92  13:29  Pylon, High Templar x2  
  55  14:09  Pylon  
  55  14:13  Nexus  
  55  14:29  Shield Battery  
  55  14:31  Shield Battery  
  55  14:33  Pylon  
  55  14:43  Pylon  
  54  14:53  Pylon  
  51  15:24  Probe  
  52  15:29  High Templar  
  52  15:32  Gateway  
  52  15:35  Gateway  
  54  15:37  Probe  
  55  15:47  Pylon  
  55  15:49  Probe  
  56  15:54  Pylon  
  56  15:59  Assimilator  
  56  16:01  Assimilator, Probe  
  57  16:13  Probe  
  57  16:14  Stalker  
  59  16:25  Probe  
  60  16:37  Probe  
  61  16:41  Sentry  
  63  16:49  Probe  
  64  17:01  Probe  
  64  17:05  Robotics Facility  
  65  17:13  Probe  
  66  17:24  Stalker x2  
  66  17:25  Probe  
  71  17:38  Probe  
  72  17:50  Probe, Pylon  
  73  17:53  Observer (Chrono Boost)  
  74  17:58  Observer  
  74  18:00  Stalker  
  74  18:02  Probe  
  77  18:14  Observer  
  78  18:20  Observer  
  78  18:26  Nexus  
  78  18:39  Observer  
  76  18:44  Observer  
  76  18:46  Probe  
  76  18:48  Pylon  
  77  18:53  Stalker x2  
  81  19:06  Pylon  
  76  19:26  Probe  
  71  19:32  Pylon  
  71  19:33  Shield Battery  
  71  19:39  Stalker x2, Shield Battery  
  77  20:06  Archon  
  53  20:07  Zealot x2  
Show
View Real Time Build Order
Export as new Build Order

HeroMarine Terran - Winner!

Build Orders: Reaper Expand 

Get SALT Encoding   

  12  0:00  SCV  
  13  0:12  SCV  
  14  0:16  Supply Depot  
  14  0:24  SCV  
  15  0:38  SCV  
  15  0:39  Barracks  
  16  0:43  Refinery  
  16  0:50  SCV  
  17  1:02  SCV  
  18  1:14  SCV  
  19  1:26  Reaper, Orbital Command  
  20  1:40  Command Center  
  20  1:48  Supply Depot  
  20  1:52  SCV  
  21  1:59  Barracks Reactor  
  21  2:01  Refinery  
  21  2:04  SCV  
  22  2:16  SCV  
  22  2:17  Bunker  
  22  2:21  Factory  
  23  2:28  SCV  
  24  2:34  Marine x2  
  26  2:40  SCV  
  27  2:52  SCV, Marine x2, Orbital Command  
  30  3:04  SCV  
  30  3:05  Factory Tech Lab  
  31  3:06  Starport  
  31  3:10  Marine x2  
  33  3:17  SCV  
  33  3:19  Supply Depot, SCV  
  35  3:29  SCV, Marine x2  
  35  3:30  Factory Tech Lab  
  35  3:31  SCV  
  39  3:41  SCV  
  40  3:43  SCV  
  40  3:46  Engineering Bay  
  40  3:47  Marine x2  
  43  3:49  Raven  
  43  3:51  Siege Tank  
  43  3:53  SCV  
  43  3:55  SCV  
  50  4:04  Marine  
  50  4:05  Supply Depot, SCV, Marine  
  50  4:09  Supply Depot  
  54  4:12  Missile Turret  
  54  4:17  SCV  
  54  4:18  Barracks  
  54  4:27  SCV, Siege Tank, Marine x2  
  54  4:31  Supply Depot  
  60  4:34  Viking  
  60  4:37  SCV  
  63  4:39  SCV  
  63  4:43  Barracks  
  64  4:46  Marine  
  64  4:47  Marine  
  64  4:50  SCV  
  64  4:51  SCV  
  68  4:58  Terran Infantry Weapons Level 1  
  68  4:59  Refinery  
  67  5:02  SCV  
  67  5:03  SCV  
  67  5:04  Marine x2  
  67  5:07  Supply Depot  
  71  5:12  Siege Tank  
  74  5:14  SCV  
  74  5:15  SCV  
  76  5:22  Marine x2  
  76  5:25  Refinery  
  76  5:26  Marine  
  76  5:27  Stimpack  
  78  5:32  SCV x2  
  80  5:38  Supply Depot  
  80  5:40  Marine x2  
  82  5:44  SCV x2, Marine  
  82  5:45  Barracks Tech Lab  
  84  5:53  Supply Depot  
  84  5:55  Supply Depot, Starport Reactor  
  84  5:56  SCV  
  85  5:58  Marine x2  
  85  6:00  SCV  
  85  6:02  Marine  
  91  6:08  SCV  
  91  6:11  Marine  
  90  6:12  Command Center  
  90  6:15  Marine, Barracks  
  90  6:16  Marine  
  92  6:20  SCV  
  92  6:22  Marauder, Barracks  
  93  6:27  Combat Shield  
  93  6:29  Marauder, SCV  
  93  6:32  SCV  
  94  6:33  Factory Reactor, Marine x2  
  96  6:43  SCV  
  96  6:44  Marauder, SCV  
  96  6:45  Medivac x2  
  104  6:50  Supply Depot  
  104  6:51  Marauder, Marine x2  
  108  6:55  Missile Turret, SCV  
  108  6:56  SCV  
  108  7:00  Terran Infantry Armor Level 1  
  110  7:06  Barracks Reactor  
  110  7:07  Supply Depot  
  110  7:11  Marauder, Widow Mine x2, Marine x2  
  118  7:19  Missile Turret  
  118  7:23  Concussive Shells, Medivac x2  
  118  7:24  Marauder  
  118  7:25  Marauder  
  118  7:26  SCV x2  
  128  7:33  Marauder  
  128  7:36  Widow Mine x2  
  134  7:38  SCV  
  134  7:39  SCV  
  136  7:47  Armory  
  136  7:48  Marauder x2  
  136  7:49  Marine  
  136  7:50  Engineering Bay  
  141  7:56  Supply Depot x2  
  141  8:01  Orbital Command  
  141  8:03  Marine  
  141  8:09  Marauder  
  141  8:11  Medivac  
  141  8:13  Marauder x2  
  110  8:21  Marine x2  
  110  8:22  SCV x2  
  105  8:28  Widow Mine x2  
  105  8:31  Marauder, Marine x2  
  117  8:34  Marauder x2  
  117  8:38  Marine  
  117  8:39  Marine  
  117  8:41  Terran Infantry Weapons Level 2  
  117  8:42  SCV  
  117  8:43  SCV  
  117  8:46  SCV  
  105  8:49  Marine  
  105  8:52  Marauder  
  105  8:53  Widow Mine  
  105  8:54  Widow Mine  
  105  8:55  Marauder x2, Marine  
  116  8:56  Marine  
  116  8:57  Marine  
  116  8:58  SCV  
  116  9:01  SCV x2  
  118  9:06  Medivac x2  
  118  9:07  Marine  
  121  9:11  SCV  
  121  9:13  Marauder  
  121  9:15  Marine  
  111  9:17  Marauder x2  
  111  9:18  Marine  
  111  9:23  Marine  
  100  9:27  Widow Mine  
  98  9:33  Marine x2  
  98  9:34  Widow Mine  
  98  9:35  Marauder, Medivac  
  98  9:36  Medivac, Marine  
  111  9:42  Marauder  
  111  9:43  Marauder, Terran Infantry Armor Level 2  
  113  9:48  Widow Mine, SCV x3  
  113  9:49  Refinery  
  113  9:51  Marine x3  
  121  9:56  Marauder  
  123  10:00  Widow Mine  
  123  10:02  SCV  
  123  10:04  Bunker  
  123  10:05  Medivac  
  130  10:08  Marauder x2  
  130  10:09  Widow Mine  
  134  10:14  Marine  
  134  10:15  Marine  
  134  10:17  Marauder, Marine x2  
  134  10:20  Refinery  
  140  10:23  Ghost Academy  
  140  10:24  Widow Mine  
  142  10:29  Marauder x2  
  142  10:32  Widow Mine  
  148  10:37  Marine x2  
  148  10:38  Marine  
  148  10:39  Marauder, Marine  
  154  10:45  Widow Mine  
  156  10:51  Marauder x2  
  156  10:55  Supply Depot, Marine  
  157  10:57  Supply Depot  
  157  10:58  Medivac x2  
  157  11:00  Marauder  
  157  11:01  Marine x2  
  157  11:03  Marine  
  162  11:08  Widow Mine  
  164  11:12  Supply Depot  
  164  11:13  Marine  
  164  11:16  Marauder x2, Widow Mine  
  171  11:22  Marauder  
  173  11:26  Marine x2  
  173  11:27  Marine  
  173  11:32  Marine  
  173  11:37  Ghost  
  173  11:38  Marauder  
  163  11:42  Ghost  
  163  11:44  Marine x3  
  160  11:52  Widow Mine x2, Medivac x2  
  156  11:58  Ghost  
  156  11:59  Marine  
  158  12:01  Marine  
  158  12:02  Marine  
  158  12:04  Marine  
  158  12:06  Ghost  
  161  12:11  Ghost  
  167  12:16  Marine, Enhanced Shockwaves  
  167  12:19  Marine x2  
  167  12:22  Starport, Viking x2, Marine  
  167  12:28  Marauder  
  165  12:34  Marine  
  165  12:35  Marauder  
  168  12:37  Marine x2  
  168  12:40  Marauder  
  168  12:49  Marauder  
  162  12:55  Marine  
  162  12:56  Marauder  
  163  13:01  Marauder  
  136  13:11  Marauder  
  136  13:12  Marine  
  121  13:13  Viking x2  
  121  13:18  Marauder  
  106  13:23  Marauder  
  68  13:55  Orbital Command  
  68  14:02  Orbital Command  
  68  14:39  Viking  
  70  14:47  SCV  
  70  14:50  Starport  
  70  14:51  Refinery  
  71  14:53  Orbital Command  
  71  14:59  SCV  
  72  15:06  Marine  
  73  15:09  Supply Depot x2, Viking, Marine  
  73  15:11  SCV, Barracks  
  73  15:13  Marine  
  76  15:22  SCV  
  76  15:24  SCV  
  76  15:27  Marine  
  80  15:31  Viking, Marine  
  80  15:33  Barracks Tech Lab  
  80  15:34  SCV  
  83  15:36  SCV  
  83  15:38  Refinery  
  84  15:45  Marine  
  84  15:46  SCV  
  84  15:48  SCV, Viking  
  89  15:58  SCV, Orbital Command  
  89  16:00  Marauder, SCV  
  89  16:01  Marine  
  89  16:03  Marine  
  95  16:10  SCV  
  96  16:11  Barracks  
  96  16:12  SCV  
  97  16:18  Marine  
  97  16:19  Viking  
  97  16:22  SCV  
  97  16:24  SCV  
  97  16:25  Marauder  
  104  16:37  SCV  
  104  16:39  Missile Turret  
  108  16:40  Barracks Tech Lab x2  
  108  16:46  Marauder, Viking  
  109  16:52  Supply Depot x2  
  109  16:54  Supply Depot  
  109  17:01  Supply Depot  
  109  17:02  Barracks Tech Lab  
  109  17:03  Supply Depot  
  109  17:04  Orbital Command  
  109  17:07  Orbital Command  
  109  17:14  Marauder x2, SCV  
  114  17:16  Marauder  
  116  17:26  SCV  
  116  17:29  Viking  
  119  17:31  Viking  
  119  17:34  SCV x2, Refinery  
  123  17:38  SCV  
  123  17:40  Missile Turret  
  123  17:44  Missile Turret  
  124  17:46  SCV x2  
  128  17:57  SCV  
  129  17:58  SCV  
  129  18:00  SCV, Sensor Tower  
  129  18:04  Viking  
  131  18:06  Marauder  
  133  18:14  SCV x3  
  133  18:15  Refinery, Viking  
  133  18:19  Marauder  
  138  18:22  Marauder  
  138  18:26  SCV x3  
  143  18:28  Marauder  
  143  18:29  Orbital Command  
  143  18:33  Marauder  
  147  18:38  SCV  
  149  18:41  Marauder  
  149  18:44  Supply Depot  
  149  18:46  Supply Depot  
  148  18:49  SCV  
  148  18:51  Viking  
  148  18:52  Marauder x2, SCV  
  156  19:00  Supply Depot  
  156  19:01  Supply Depot  
  156  19:06  Marauder x2, Medivac  
  162  19:13  Marauder  
  162  19:14  SCV  
  162  19:16  Ghost Academy  
  163  19:18  SCV x2  
  161  19:24  Marauder  
  161  19:26  SCV  
  161  19:30  SCV  
  161  19:31  Medivac  
  161  19:32  Marauder  
  161  19:36  SCV  
  166  19:39  Marauder  
  166  19:40  Marauder  
  166  19:42  SCV  

Tags
 
Add a new tag
Caveats
  • Supply blocks, unpowered buildings, or Contaminate may cause inaccurate times.
  • Supply counts are checked every 10 seconds.